 Dungeon Crawl Stone Soup version 0.16-a0-2984-g889390b (webtiles) character file.

395959 Johnny the Necromancer (level 21, -5/172 (176) HPs)
             Began as a Demigod Necromancer on Dec 5, 2014.
             Killed from afar by a frost giant (9 damage)
             ... with a bolt of cold
             ... on level 5 of the Vaults on Dec 6, 2014.
             The game lasted 07:35:32 (80012 turns).

Johnny the Necromancer (Demigod Necromancer)       Turns: 80012, Time: 07:35:32

HP:   -5/172 (176)  AC: 32    Str: 13      XL:     21   Next: 25%
MP:   2/40          EV: 18    Int: 22 (23) God:
Gold: 132           SH:  7    Dex: 29      Spells: 9 memorised, 2 levels left

rFire  + + +     SeeInvis +     q - +8 long sword of the Clouds {drain, rF+ rC+ MR++ Dex+2 SInv}
rCold  + + .     Clarity  .     j - +4 fire dragon armour
rNeg   . . .     SustAb   +     y - +2 buckler {AC+3}
rPois  +         Gourm    +     T - +2 helmet {SInv}
rElec  +         Spirit   .     O - +2 cloak {MR+}
rCorr  +         Warding  .     Q - +2 pair of gloves {Dex+3}
rMut   .         Stasis   .     s - +1 pair of boots
MR     +++++                    E - amulet of the gourmand
Stlth  +.........               k - ring of protection from cold
                                X - ring of wizardry

@: resistant, very slightly contaminated, almost entirely resistant to hostile
enchantments, very unstealthy
A: sustain abilities
a: no special abilities
}: 2/15 runes: barnacled, gossamer


You were on level 5 of the Vaults.
You were not hungry.

You visited 8 branches of the dungeon, and saw 50 of its levels.
You visited 1 bazaar.
You also visited: Ice Cave.

You collected 6289 gold pieces.
You spent 6157 gold pieces at shops.

Inventory:

Hand weapons
 a - the +2 rapier of Exchange {pierce, rElec MR++ SInv}
   (You found it on level 1 of the Vaults)

   It inflicts extra damage upon your enemies.
   It insulates you from electricity.
   It affects your resistance to hostile enchantments.
   It enhances your eyesight.
 n - the +10 falchion "Yjiyniest" {flame, +Inv rElec Str+2}
   (You bought it in a shop in a bazaar)

   It emits flame when wielded, causing extra injury to most foes and up to
   double damage against particularly susceptible opponents.
   Big, fiery blades are also staple armaments of hydra-hunters.
   It affects your strength (+2).
   It insulates you from electricity.
   It lets you turn invisible.
 q - the +8 long sword of the Clouds (weapon) {drain, rF+ rC+ MR++ Dex+2 SInv}
   (You took it off a deep elf sorcerer on level 3 of the Elven Halls)

   A truly terrible weapon, it drains the life of those it strikes.
   It affects your dexterity (+2).
   It protects you from fire.
   It protects you from cold.
   It affects your resistance to hostile enchantments.
   It enhances your eyesight.
 D - a +3 lajatang of pain
Armour
 j - a +4 fire dragon armour (worn)
 s - a +1 pair of boots (worn)
 y - a +2 buckler of protection (worn)
 C - a +1 buckler of reflection
 O - a +2 cloak of magic resistance (worn)
 Q - a +2 pair of gloves of dexterity (worn)
 T - a +2 helmet of see invisible (worn)
Jewellery
 k - a ring of protection from cold (right hand)
 E - an amulet of the gourmand (around neck)
 R - an uncursed amulet of resist mutation
 U - an uncursed ring of poison resistance
 X - a ring of wizardry (left hand)
Magical devices
 i - a wand of slowing (1)
 v - a wand of disintegration (14)
 F - a wand of teleportation (0)
 J - a wand of digging (11)
 M - a wand of draining (0)
 P - a wand of confusion (18)
Scrolls
 d - 22 scrolls of remove curse
 m - a scroll of enchant weapon
 t - 4 scrolls of identify
 A - 2 scrolls of amnesia
 B - a scroll of magic mapping
 Z - 2 scrolls of silence
Potions
 g - a potion of flight
 o - 8 potions of brilliance
 x - a potion of resistance
 H - 6 potions of berserk rage
 L - 6 potions of restore abilities
Miscellaneous
 b - a phial of floods (inert)
 h - a fan of gales (inert, charging)
 K - a phial of floods (inert, charging)
Comestibles
 p - 2 royal jellies
 r - a meat ration
 u - 10 bread rations
 z - a fruit
 I - 3 slices of pizza


   Skills:
 - Level 12.3 Fighting
 - Level 1.0(5.1) Short Blades
 - Level 8.0(8.1) Long Blades
 - Level 3.6 Staves
 * Level 11.8 Armour
 + Level 12.5 Dodging
 - Level 1.7 Stealth
 - Level 11.5 Spellcasting
 - Level 7.0 Conjurations
 + Level 12.2 Charms
 * Level 16.1 Necromancy
 * Level 13.3 Fire Magic
 + Level 3.3 Earth Magic
 + Level 14.2 Evocations


You had 2 spell levels left.
You knew the following spells:

 Your Spells              Type           Power        Failure   Level  Hunger
a - Bolt of Magma         Conj/Fire/Erth #####.....   22%         5    ####...
b - Regeneration          Chrm/Necr      ######....   1%          3    None
c - Vampiric Draining     Necr           ######....   1%          3    None
d - Animate Dead          Necr           N/A          1%          4    None
e - Fireball              Conj/Fire      ######....   7%          5    ####...
f - Control Undead        Necr           ######....   1%          4    None
g - Death Channel         Necr           ######....   4%          6    #####..
h - Haste                 Chrm           ######..     17%         6    #####..
i - Agony                 Necr           ######..     1%          5    ####...


Dungeon Overview and Level Annotations

Branches:
Dungeon (15/15)            Temple (0/1) D:5            Lair (8/8) D:9
 Shoals (5/5) Lair:5       Spider (5/5) Lair:4        Slime (0/6) Lair:6
    Orc (4/4) D:12            Elf (3/3) Orc:4        Vaults (5/5) D:14
  Crypt (0/3) Vaults:3     Depths (5/5) D:15
    Zot: Depths:5

Shops:
D:6 :   D:7 *   D:14 [   Orc:2 !   Orc:4 *=([   Elf:3 *   Shoals:1 (
Shoals:3 %!(   Depths:3 !

Portals:
Hell: Depths:1 Depths:2 Depths:3 Depths:4 Depths:5
Abyss: Depths:4
Pandemonium: Depths:3 Depths:4
Ziggurat: Depths:4

Annotations:
D:14 Louise
Elf:2 runed door
Vaults:4 Mennas
Vaults:5 Sojobo


Innate Abilities, Weirdness & Mutations

Your attributes are resistant to harm.


Message History

The frost giant shouts!
The air elemental hits your spectral titan!
The air elemental merges itself into the air.
The air elemental forms itself from the air!
The air elemental hits your spectral titan.
The yaktaur wields an uncursed arbalest.
The yaktaur shoots a bolt.
You block the bolt.
You see here a bolt.
Unknown command.
Evoke which item? (* to show all) (? for menu, Esc to quit)
Okay, then.
Read which item? (? for menu, Esc to quit)
Okay, then.
Drink which item? (? for menu, Esc to quit)
Okay, then.
The air elemental hits your spectral titan.
The ironbrand convoker hits your spectral titan with a great mace.
The frost giant gestures at you while chanting.
The bolt of cold hits you! You resist.
You die...

#########################
.........@..coEZQ...(.(.).
....C.*....(pQ)EpE†..(((().
!..
.y######################
.... . ###.#...p#
....N....# .C..#....#
....#....# §§..#....#


You could see Sojobo, a frost giant, a tengu reaver, a vault guard, an orc
knight, an ironbrand convoker, a yaktaur, a queen bee, 3 air elementals and a
friendly spectral titan.

Vanquished Creatures
  A tentacled monstrosity (Depths:5)
  A deep elf blademaster (Elf:3)
  Asterion (Elf:1)
  2 sphinxes
  An ancient champion (Vaults:3)
  A fire giant (Depths:2)
  4 vault wardens
  A tengu reaver (Vaults:4)
  2 frost giants
  11 deep elf sorcerers
  3 emperor scorpions
  An orc warlord (Orc:3)
  A ghoul (Depths:3)
  2 very ugly things
  9 stone giants
  A vampire knight (Depths:3)
  7 deep elf demonologists
  8 deep elf annihilators (Elf:3)
  A dire elephant (Depths:1)
  3 ettins
  Snorg (Lair:3)
  2 minotaurs (Depths:5)
  A great orb of eyes (Vaults:1)
  4 fire dragons
  3 merfolk impalers
  Josephine (D:12)
  13 vault guards
  6 deep elf death magi (Elf:3)
  9 ice dragons
  5 ironheart preservers
  8 yaktaur captains
  4 hydras
  7 deep elf high priests (Elf:3)
  A quicksilver dragon skeleton (Depths:3)
  A spriggan air mage (Depths:4)
  A deep troll earth mage (Vaults:3)
  An alligator snapping turtle (Shoals:4)
  4 ogre magi
  6 centaur warriors
  2 merfolk aquamancers (Shoals:5)
  A tengu warrior (Depths:3)
  A satyr (Shoals:3)
  2 dancing weapons (Elf:2)
  3 deep troll shamans
  13 death yaks
  An orc high priest (Orc:4)
  20 deep elf knights
  A fire crab (Vaults:4)
  A storm dragon zombie (Depths:3)
  A skeletal warrior (Vaults:1)
  3 unseen horrors
  4 wizards
  A death drake (shapeshifter) (Vaults:2)
  4 sea snakes
  A golden dragon zombie (Depths:3)
  A flayed ghost (Depths:3)
  9 hill giants
  2 ice statues (IceCv)
  7 ironbrand convokers
  A tengu zombie (Depths:3)
  14 deep elf summoners
  8 deep trolls
  Erolcha (D:10)
  The ghost of Kemay the Martial Artist, an experienced OpTm (D:8)
  Pikel (D:9)
  11 deep elf conjurers
  5 orb spiders
  5 orc knights
  5 harpies
  An ugly thing zombie (D:12)
  A red wasp (shapeshifter) (D:14)
  2 griffons
  4 cyclopes
  5 manticores
  2 orc sorcerers (Orc:4)
  A tengu skeleton (Depths:3)
  9 wolf spiders
  13 ugly things
  3 fauns (Shoals:1)
  A small abomination (Elf:1)
  A salamander (shapeshifter) (Depths:3)
  A sphinx skeleton (Depths:3)
  2 water nymphs (Shoals:5)
  2 red wasps
  An air elemental (Shoals:3)
  A spriggan zombie (Depths:3)
  A siren (Shoals:5)
  A frost giant skeleton (Depths:3)
  3 elephants
  12 spiny frogs
  2 sixfirhies
  A drowned soul (Shoals:5)
  7 vault sentinels
  2 torpor snails
  3 black mambas
  3 gargoyles
  An orange crystal statue (Vaults:3)
  4 centaur skeletons
  5 demonic crawlers
  A merfolk zombie (Shoals:5)
  An elf skeleton (Depths:3)
  10 komodo dragons
  7 deep elf priests
  2 hellwings (Depths:5)
  5 trolls
  5 polar bears (Lair:8)
  26 yaktaurs
  4 merfolk
  3 fire drakes
  A jumping spider (shapeshifter) (Vaults:3)
  Sonja (Elf:1)
  4 blink frogs
  8 two-headed ogres
  2 freezing wraiths
  4 jumping spiders
  3 ravens
  2 boulder beetles
  2 snapping turtles
  10 slime creatures
  9 trapdoor spiders
  2 basilisks (Lair:7)
  A flying skull (Depths:3)
  3 water elementals (Shoals:5)
  22 deep elf magi
  13 tarantellas
  27 yaks
  16 redbacks
  A wyvern (Lair:7)
  2 hogs (Shoals:1)
  11 humans
  A shadow (D:13)
  27 deep elf fighters
  17 vampire mosquitoes
  11 hippogriffs
  A wraith (Vaults:1)
  A soldier ant (shapeshifter) (Vaults:3)
  9 wargs
  A human zombie (D:14)
  A water moccasin (shapeshifter) (Vaults:3)
  2 mottled dragons
  A soldier ant (D:12)
  13 water moccasins
  9 porcupines
  28 ice beasts
  A slave (D:9)
  12 wolves
  36 orc warriors
  13 spiders
  5 black bears (Lair:8)
  3 sky beasts
  4 hell hounds (Lair:8)
  25 ogres
  A phantom (D:9)
  12 boggarts
  The ghost of Johnny the Grave Robber, an average DgNe (D:3)
  A boring beetle (Lair:8)
  A boring beetle (shapeshifter) (Elf:2)
  A vampire mosquito zombie (Vaults:3)
  9 centaurs
  Sigmund (D:3)
  18 crocodiles
  A big kobold (D:10)
  A brain worm (Lair:6)
  2 lost souls (Elf:3)
  Blork the orc (D:4)
  20 giant frogs
  6 scorpions
  8 killer bees
  A wight (D:13)
  3 electric eels
  6 crimson imps
  2 centaur zombies (D:12)
  5 goliath beetles
  A quasit (Depths:5)
  4 giant frog zombies
  16 hounds
  5 giant frog skeletons
  23 orc priests
  5 jellies
  10 iguanas
  12 orange rats
  13 worker ants
  36 orc wizards
  8 sheep
  A giant frog simulacrum (D:12)
  A killer bee zombie (D:3)
  3 hound zombies
  A hound skeleton (D:4)
  A mummy (D:9)
  20 adders
  13 gnolls
  4 shadow imps
  36 river rats
  2 worms (D:2)
  A worm (shapeshifter) (Vaults:3)
  4 ufetubi (Elf:3)
  7 giant geckos
  2 oozes
  187 orcs
  15 bats
  A bat skeleton (D:4)
  A bat zombie (D:5)
  5 giant cockroaches
  13 goblins
  15 hobgoblins
  12 jackals
  7 kobolds
  10 quokkas
  7 giant newts
  2 giant spores
  4 orc zombies
  23 rats
  10 ballistomycetes
  2 plants (Lair:8)
  A tentacle (Shoals:1)
1438 creatures vanquished.

Vanquished Creatures (collateral kills)
  Norris (Elf:3)
  Mara (Shoals:3)
  Nikola (Shoals:1)
  4 liches
  A tentacled monstrosity (Depths:4)
  A caustic shrike (Depths:2)
  2 deep elf master archers (Elf:3)
  3 titans
  A deep elf blademaster (Elf:3)
  Polyphemus (Shoals:2)
  A kraken (Shoals:1)
  Rupert (Shoals:5)
  Agnes (Shoals:1)
  A sphinx (Depths:4)
  Kirke (Shoals:1)
  3 tengu reavers
  Frances (Shoals:1)
  3 storm dragons
  Ilsuiw (Shoals:5)
  4 rakshasas (Depths:1)
  Donald (Shoals:5)
  3 ghost moths (Spider:5)
  A balrug (Depths:5)
  7 vault wardens
  Aizul (Vaults:3)
  3 frost giants
  3 fire giants
  10 emperor scorpions
  3 deep elf sorcerers
  A reaper (Depths:3)
  14 stone giants
  5 very ugly things
  A salamander firebrand (Depths:3)
  A deep elf demonologist (Depths:1)
  A pale draconian (Depths:5)
  5 dire elephants
  4 vampire knights
  3 deep elf annihilators
  2 deep elf death magi (Vaults:3)
  An unborn (Depths:3)
  15 vault guards (Vaults:4)
  An eidolon (Vaults:2)
  5 ettins
  A minotaur (shapeshifter) (Depths:4)
  A caustic shrike zombie (Depths:3)
  8 merfolk javelineers
  5 fire dragons
  A deep elf high priest (Elf:3)
  8 merfolk impalers
  10 yaktaur captains
  A quicksilver dragon zombie (Depths:3)
  9 ironheart preservers
  5 great orbs of eyes
  Fannar (D:13)
  Harold (D:14)
  3 ice dragons
  10 ogre magi
  2 spriggan air magi
  4 centaur warriors
  11 deep troll earth magi
  5 merfolk avatars
  8 hydras
  3 merfolk aquamancers
  3 dancing weapons
  An alligator snapping turtle (Shoals:3)
  2 orc high priests
  16 death yaks
  6 deep troll shamans
  A spriggan berserker (Depths:2)
  4 tengu warriors
  A soul eater (Depths:1)
  3 catoblepae
  Nergalle (D:13)
  5 hell knights
  3 iron trolls
  A titan skeleton (Depths:3)
  7 deep elf knights
  A fire crab (Lair:8)
  A storm dragon skeleton (Depths:3)
  A gelid demonspawn (Depths:3)
  7 sea snakes
  2 flayed ghosts
  3 giant orange brains
  22 deep trolls
  6 deep elf summoners (Elf:1)
  7 ironbrand convokers
  An ice statue (D:13)
  5 hill giants
  A putrid demonspawn (Depths:3)
  4 necromancers
  A lindwurm (Lair:8)
  11 deep elf conjurers
  3 oklob plants
  24 wolf spiders
  2 anubis guards (shapeshifter)
  32 ugly things
  A fire giant zombie (Depths:3)
  8 red wasps
  6 orc knights
  10 orb spiders
  A shadow dragon skeleton (Depths:3)
  2 phantasmal warriors
  21 fauns
  8 griffons
  An orc sorcerer (Elf:1)
  A red wasp (shapeshifter) (Depths:1)
  A frost giant zombie (Depths:3)
  2 water nymphs
  12 manticores
  2 rust devils
  A frost giant skeleton (Depths:3)
  20 harpies
  An octopode (shapeshifter) (Depths:4)
  3 cyclopes
  10 vault sentinels
  4 black mambas
  A moth of wrath (Spider:4)
  13 sirens
  A fire giant skeleton (Depths:1)
  10 elephants
  A guardian serpent (shapeshifter) (Vaults:2)
  A drowned soul (Shoals:5)
  An elf zombie (Depths:3)
  4 torpor snails
  A polar bear (shapeshifter) (Elf:3)
  Psyche (D:13)
  5 spectral swamp worms (Depths:1)
  An elf skeleton (Depths:3)
  6 spiny frogs
  15 demonic crawlers
  3 fire drakes
  An efreet (D:15)
  3 komodo dragons
  An elf (shapeshifter) (Vaults:2)
  A small abomination (Elf:3)
  A red devil (Shoals:1)
  29 yaktaurs
  2 freezing wraiths
  3 polar bears (Lair:8)
  A kobold demonologist (Vaults:2)
  32 merfolk
  A two-headed ogre (shapeshifter) (Depths:5)
  9 deep elf priests
  2 trolls
  21 jumping spiders
  4 blink frogs
  A frost giant simulacrum (Vaults:3)
  2 wind drakes
  10 two-headed ogres
  6 ravens
  4 snapping turtles
  5 boulder beetles
  6 basilisks
  13 slime creatures
  17 water elementals
  2 wraiths
  34 redbacks
  A flying skull (Depths:3)
  10 deep elf magi
  18 tarantellas
  7 trapdoor spiders
  6 wyverns
  A redback (shapeshifter) (D:14)
  An air elemental (Vaults:5)
  A shadow (Vaults:3)
  2 ynoxinuls (Depths:3)
  2 hogs (Shoals:1)
  6 humans (D:14)
  A large abomination (Depths:2)
  30 yaks
  A hippogriff (shapeshifter) (Depths:3)
  5 wolves (Lair:8)
  16 vampire mosquitoes
  23 deep elf fighters
  12 hippogriffs
  2 neqoxecs (Elf:3)
  4 porcupines
  A hungry ghost (D:13)
  A warg (Lair:8)
  A mottled dragon (Vaults:1)
  A merfolk zombie (Shoals:5)
  A swamp drake (Lair:1)
  12 orc warriors
  4 hell hounds
  4 water moccasins
  2 slaves (D:9)
  A necrophage (D:10)
  A black bear (shapeshifter) (Depths:2)
  3 yellow wasps (Spider:5)
  A phantom (D:10)
  6 black bears (Lair:8)
  23 centaurs
  9 boggarts
  26 ogres
  4 ice beasts
  An eye of draining (D:12)
  21 spiders
  2 boring beetles
  16 crocodiles
  A big kobold (D:13)
  9 giant frogs
  A centaur (shapeshifter) (Vaults:5)
  A yaktaur zombie (Vaults:2)
  A wyvern zombie (D:13)
  2 killer bees
  8 orange rats
  3 scorpions
  A human simulacrum (Vaults:1)
  14 wights
  3 electric eels
  3 centaur zombies
  3 goliath beetles
  3 crimson imps
  A human zombie (D:14)
  5 orc priests
  4 iguanas
  A jelly (shapeshifter) (Vaults:3)
  A jelly (D:10)
  8 orc wizards
  2 centaur skeletons
  13 hounds
  2 worker ants
  21 sheep
  A mottled dragon zombie (Vaults:2)
  A mummy (D:13)
  A giant mite (D:7)
  5 adders
  27 river rats
  2 shadow imps
  9 ufetubi
  5 giant geckos (Lair:1)
  71 orcs
  A goblin (Orc:3)
  5 hobgoblins
  5 jackals (Lair:8)
  5 kobolds
  4 quokkas
  A bat (D:5)
  2 giant newts (Lair:1)
  2 orc zombies
  5 rats (Lair:5)
  13 fungi
  11 plants
1376 creatures vanquished.

Vanquished Creatures (others)
  The ghost of Pikaro the Sorcerer, a mighty DECj of Vehumet (Depths:4)
  4 very ugly thing zombies
  A deep elf high priest (Elf:3)
  A guardian serpent zombie (Vaults:3)
  A titan zombie (Depths:1)
  A storm dragon zombie (Depths:4)
  2 wizards
  A ghost moth zombie (Spider:5)
  A torturous demonspawn (Depths:5)
  3 tengu zombies
  A faun (Shoals:1)
  19 ugly thing zombies
  3 wolf spider zombies
  A deep elf conjurer (Elf:1)
  A fire giant zombie (Depths:1)
  6 stone giant zombies
  A frost giant zombie (Depths:2)
  A salamander zombie (Depths:3)
  A fire giant skeleton (Depths:2)
  7 drowned souls (Shoals:5)
  2 dire elephant zombies
  9 death yak zombies
  2 emperor scorpion zombies
  2 yaktaurs
  A spriggan zombie (Depths:4)
  3 elf skeletons
  34 human zombies
  2 sea snake zombies (Shoals:5)
  A hellwing (Depths:5)
  5 redback zombies
  23 air elementals
  A ghoul skeleton (Depths:3)
  2 hydra zombies
  20 water elementals
  4 harpy zombies
  4 demonic crawler zombies
  A catoblepas zombie (Depths:1)
  3 trapdoor spider zombies
  3 two-headed ogres
  4 red wasp zombies
  2 jumping spider zombies
  2 ice dragon zombies
  2 ettin zombies (Depths:1)
  2 fire dragon zombies
  7 trapdoor spiders
  3 deep elf magi
  3 griffon zombies
  3 black mamba zombies (Lair:8)
  3 redbacks
  An ettin skeleton (Vaults:4)
  2 hill giant zombies
  A human (Shoals:1)
  6 faun zombies
  64 elf zombies
  6 raven zombies
  12 deep troll zombies
  A water nymph zombie (Shoals:5)
  23 merfolk zombies
  An orc warrior (Orc:4)
  4 orb spider zombies
  3 spiny frog zombies
  A mottled dragon (Vaults:1)
  3 spiders
  A slave (D:9)
  A lindwurm zombie (Lair:8)
  5 manticore zombies
  7 elephant zombies
  A snapping turtle zombie (Shoals:2)
  3 human skeletons
  2 blink frog zombies (Lair:7)
  3 hog zombies (Shoals:1)
  An ogre (Orc:4)
  3 crocodiles
  7 vampire mosquito zombies
  4 torpor snail zombies
  2 lost souls (Vaults:3)
  6 komodo dragon zombies
  A fire crab zombie (Lair:8)
  3 troll zombies
  2 yaktaur skeletons
  28 yaktaur zombies
  9 spider zombies
  3 wyvern zombies
  A hell hound zombie (Lair:8)
  8 water moccasin zombies
  2 warg zombies (Lair:8)
  16 yak zombies
  A boulder beetle zombie (Vaults:3)
  3 polar bear zombies (Lair:8)
  8 hippogriff zombies
  6 wolf zombies
  A yellow wasp zombie (Spider:5)
  16 centaur zombies
  2 basilisk zombies (Lair:7)
  3 black bear zombies (Lair:8)
  6 giant frog zombies
  A boring beetle zombie (Spider:5)
  6 two-headed ogre zombies
  A soldier ant zombie (D:12)
  An orc wizard (D:3)
  A two-headed ogre skeleton (Vaults:4)
  A porcupine zombie (Lair:7)
  2 sheep (D:13)
  A big kobold zombie (D:13)
  A mottled dragon zombie (Vaults:1)
  A brain worm zombie (Lair:6)
  14 ogre zombies
  10 crocodile zombies
  11 hound zombies
  An orange rat zombie (Lair:5)
  A worker ant zombie (D:10)
  2 orc skeletons
  4 adder zombies
  2 iguana zombies
  9 sheep zombies
  An adder skeleton (Lair:4)
  An iguana skeleton (Lair:1)
  4 orcs
  A gnoll zombie (D:8)
  19 river rat zombies
  A giant gecko zombie (Lair:1)
  3 giant spores
  A hobgoblin zombie (D:11)
  2 jackal zombies (Lair:8)
  2 kobolds
  5 kobold zombies
  90 orc zombies
  A quokka skeleton (D:5)
  2 quokka zombies
  2 rat zombies (Lair:5)
  3 butterflies (Vaults:3)
  11 fungi
  56 plants
  17 tentacles (Shoals:1)
  565 tentacle segments (Shoals:1)
  9 toadstools (D:9)
1369 creatures vanquished.

Grand Total: 4183 creatures vanquished

Notes
Turn   | Place    | Note
--------------------------------------------------------------
     0 | D:1      | Johnny, the Demigod Necromancer, began the quest for the Orb.
     0 | D:1      | Reached XP level 1. HP: 14/14 MP: 3/3
   514 | D:1      | Reached XP level 2. HP: 4/22 MP: 0/5
   924 | D:1      | Reached skill level 1 in Fighting
  1195 | D:2      | Reached XP level 3. HP: 14/28 MP: 3/8
  1506 | D:2      | Found a shimmering altar of Xom.
  1514 | D:2      | Found a shimmering altar of Xom.
  1514 | D:2      | Found a shimmering altar of Xom.
  1515 | D:2      | Found a shimmering altar of Xom.
  1516 | D:2      | Found a shimmering altar of Xom.
  1751 | D:3      | Reached skill level 4 in Necromancy
  1767 | D:3      | Noticed Johnny's ghost (average DgNe)
  1777 | D:3      | Killed Johnny's ghost
  1777 | D:3      | Reached skill level 1 in Armour
  1777 | D:3      | Reached XP level 4. HP: 31/36 MP: 11/11
  1782 | D:3      | Learned a level 3 spell: Regeneration
  1786 | D:3      | Learned a level 3 spell: Vampiric Draining
  1828 | D:3      | Found an opulent altar of Gozag.
  1884 | D:3      | Reached XP level 5. HP: 28/41 MP: 1/12
  2375 | D:3      | Noticed Sigmund
  2382 | D:3      | Killed Sigmund
  2382 | D:3      | Reached XP level 6. HP: 35/50 MP: 3/16
  3248 | D:4      | Noticed Blork the orc
  3258 | D:4      | Killed Blork the orc
  3258 | D:4      | Reached skill level 1 in Long Blades
  3534 | D:4      | Reached skill level 5 in Necromancy
  3784 | D:5      | Entered Level 5 of the Dungeon
  3963 | D:5      | Reached XP level 7. HP: 50/56 MP: 19/19
  4051 | D:5      | Learned a level 4 spell: Animate Dead
  4417 | D:5      | Reached skill level 1 in Evocations
  4423 | D:5      | Reached skill level 1 in Charms
  4568 | D:5      | Found a staircase to the Ecumenical Temple.
  5153 | D:6      | Found Urakoumm's Book Shop.
  5449 | D:6      | Reached XP level 8. HP: 62/64 MP: 19/21
  6025 | D:7      | Reached skill level 6 in Necromancy
  6398 | D:7      | Found Etuguidi's Assorted Antiques.
  6742 | D:8      | Noticed Kemay's ghost (experienced OpTm)
  6774 | D:7      | Reached XP level 9. HP: 65/72 MP: 19/23
  6875 | D:8      | Reached skill level 5 in Dodging
  7062 | D:8      | Killed Kemay's ghost
  7062 | D:8      | Reached skill level 5 in Fighting
  7062 | D:8      | Reached skill level 5 in Spellcasting
  7765 | D:9      | Found a staircase to the Lair.
  7766 | D:9      | Noticed an elephant
  7808 | D:9      | Killed an elephant
  8181 | D:9      | Noticed Pikel
  8213 | D:9      | Killed Pikel
  8248 | D:9      | Reached XP level 10. HP: 75/83 MP: 25/25
  8348 | D:9      | Found a blossoming altar of Fedhas.
  8362 | D:9      | Noticed an oklob plant
  8394 | D:9      | Killed an oklob plant
  8734 | D:9      | Reached skill level 7 in Necromancy
  9206 | Lair:1   | Entered Level 1 of the Lair of Beasts
 10249 | Lair:1   | Reached XP level 11. HP: 71/91 MP: 21/27
 10769 | Lair:2   | Reached skill level 8 in Necromancy
 11620 | Lair:3   | Noticed Snorg
 11651 | Lair:3   | Killed Snorg
 11687 | Lair:3   | Found a frozen archway.
 11700 | Lair:3   | Reached skill level 5 in Armour
 11708 | IceCv    | Entered an ice cave
 11714 | IceCv    | Reached skill level 5 in Long Blades
 13040 | IceCv    | Noticed an ice dragon
 13040 | IceCv    | Noticed an ice dragon
 13065 | IceCv    | Killed an ice dragon
 13078 | IceCv    | Killed an ice dragon
 13078 | IceCv    | Reached skill level 5 in Evocations
 13445 | Lair:3   | Reached skill level 5 in Charms
 13471 | Lair:3   | Reached XP level 12. HP: 71/101 MP: 19/29
 13509 | Lair:3   | Your ally Snorg died
 14446 | D:6      | Bought a book of Fire for 715 gold pieces
 14452 | D:6      | Learned a level 5 spell: Fireball
 14459 | D:6      | Learned a level 6 spell: Bolt of Fire
 14559 | D:7      | Bought a shiny ring mail for 96 gold pieces
 14559 | D:7      | Bought a scroll of identify for 48 gold pieces
 14559 | D:7      | Bought a curved copper wand for 96 gold pieces
 14559 | D:7      | Bought a scroll of identify for 48 gold pieces
 14559 | D:7      | Bought a scroll of teleportation for 72 gold pieces
 14559 | D:7      | Bought a glowing long sword for 84 gold pieces
 14559 | D:7      | Bought a coppery potion for 21 gold pieces
 14735 | Lair:2   | Noticed a five-headed hydra
 14750 | Lair:2   | Killed a five-headed hydra
 15188 | Lair:4   | Found a hole to the Spider Nest.
 15230 | Lair:4   | Noticed a seven-headed hydra
 15242 | Lair:4   | Noticed an ettin
 15242 | Lair:4   | a seven-headed hydra changed into an ettin
 15253 | Lair:4   | Killed an ettin
 15253 | Lair:4   | Reached skill level 9 in Necromancy
 15946 | Lair:5   | Noticed a four-headed hydra
 15991 | Lair:5   | Reached skill level 1 in Fire Magic
 16061 | Lair:4   | Reached skill level 1 in Conjurations
 17178 | Lair:5   | Noticed an eight-headed hydra
 17188 | Lair:5   | Killed an eight-headed hydra
 17629 | Lair:5   | Identified a scroll of acquirement
 17702 | Lair:5   | Found a staircase to the Shoals.
 17806 | Lair:5   | Killed a five-headed hydra
 18239 | Lair:6   | Reached XP level 13. HP: 71/108 MP: 23/32
 18655 | Lair:6   | Noticed a five-headed hydra
 18674 | Lair:6   | Killed a five-headed hydra
 18730 | Lair:6   | Found a viscous altar of Jiyva.
 18731 | Lair:6   | Found a staircase to the Slime Pits.
 19054 | Lair:6   | Got an ichor-stained falchion
 19055 | Lair:6   | Identified the +6 falchion of Ikadi {slice, MR+} (You found it on level 6 of the Lair of Beasts)
 20168 | Lair:7   | Learned a level 6 spell: Death Channel
 20195 | Lair:7   | Reached skill level 10 in Necromancy
 20748 | Lair:8   | Entered Level 8 of the Lair of Beasts
 21522 | Lair:8   | Got an ancient amber ring
 21526 | Lair:8   | Identified the ring "Ylyr" {rF+ Str-1 Int+3} (You found it on level 8 of the Lair of Beasts)
 21947 | Lair:8   | Reached XP level 14. HP: 104/118 MP: 16/33
 22628 | D:10     | Entered Level 10 of the Dungeon
 22680 | D:10     | Found a stormy altar of Qazlal.
 22979 | D:10     | Noticed Erolcha
 22996 | D:10     | Killed Erolcha
 24152 | D:12     | Noticed Josephine
 24169 | D:12     | Killed Josephine
 24399 | D:12     | Reached skill level 10 in Dodging
 24602 | D:12     | Found a staircase to the Orcish Mines.
 24837 | Orc:1    | Entered Level 1 of the Orcish Mines
 25453 | Orc:2    | Found Phan's Distillery.
 25665 | Orc:3    | Found a glowing golden altar of the Shining One.
 26160 | Orc:4    | Entered Level 4 of the Orcish Mines
 26164 | Orc:4    | Found Steaseuk's Jewellery Emporium.
 26169 | Orc:4    | Reached skill level 10 in Fighting
 26409 | Orc:4    | Found a staircase to the Elven Halls.
 26490 | Orc:4    | Found Wassar's General Store.
 27002 | Orc:4    | Noticed an orc warlord
 27058 | Orc:3    | Killed an orc warlord
 27374 | Orc:4    | Found Eshi Had's Antique Weapon Shop.
 27582 | Orc:4    | Found Cediesof's Antique Armour Boutique.
 28089 | Orc:4    | Bought an ancient scale mail for 261 gold pieces
 28100 | Orc:4    | Identified the +4 scale mail "Imuxean" {MR++} (You bought it in a shop on level 4 of the Orcish Mines)
 28620 | Orc:4    | Bought a shiny ring mail for 116 gold pieces
 28620 | Orc:4    | Bought a runed robe for 20 gold pieces
 28620 | Orc:4    | Bought a shiny helmet for 130 gold pieces
 28620 | Orc:4    | Bought a glowing scale mail for 116 gold pieces
 28942 | D:13     | Noticed Fannar
 28966 | D:13     | Killed Fannar
 29071 | D:13     | Your ally Fannar died
 29088 | D:13     | Your ally Fannar died
 29450 | D:13     | Noticed Psyche
 29466 | D:13     | Killed Psyche
 29516 | D:13     | Your ally Psyche died
 30555 | D:13     | Noticed Nergalle
 30634 | D:14     | Noticed Louise
 31027 | Shoals:1 | Entered Level 1 of the Shoals
 31027 | Shoals:1 | Noticed Nikola
 31028 | Shoals:1 | Found Axirad's Weapon Shop.
 31032 | Shoals:1 | Noticed Agnes
 31144 | Shoals:1 | Noticed Kirke
 31155 | Shoals:1 | Killed Kirke
 31176 | Shoals:1 | Noticed Frances
 31203 | Shoals:1 | Killed Frances
 31268 | Shoals:1 | Reached XP level 15. HP: 38/126 MP: 3/34
 31361 | Shoals:1 | Your ally Frances died
 32022 | Shoals:2 | Reached skill level 11 in Necromancy
 32055 | Shoals:3 | Noticed Mara
 32067 | Shoals:3 | Noticed Johnny's illusion
 32079 | Shoals:3 | Found Fakos' Weapon Boutique.
 32098 | Shoals:3 | Found Ibbouv's Distillery.
 32106 | Shoals:3 | Found a flickering gateway to a bazaar.
 32112 | Bazaar   | Entered a bazaar
 32112 | Bazaar   | Found Nacig's Weapon Boutique.
 32112 | Bazaar   | Found Jyra's General Store.
 32112 | Bazaar   | Found Yxajis' Gadget Shop.
 32112 | Bazaar   | Found Cawus' Weapon Boutique.
 32112 | Bazaar   | Found Khiak's Book Boutique.
 32135 | Bazaar   | Bought the +10 falchion "Yjiyniest" {flame, +Inv rElec Str+2} for 886 gold pieces
 32138 | Bazaar   | Bought a royal jelly for 16 gold pieces
 32142 | Bazaar   | Bought a sack of spiders for 360 gold pieces
 32175 | Shoals:3 | Found Grae's Food Shop.
 32280 | Shoals:3 | Reached skill level 10 in Spellcasting
 32808 | Shoals:4 | Reached skill level 5 in Fire Magic
 32931 | Shoals:5 | Entered Level 5 of the Shoals
 32949 | Shoals:5 | Noticed Donald
 32957 | Shoals:5 | Killed Donald
 32967 | Shoals:5 | Your ally Donald died
 32981 | Shoals:5 | Your ally Donald died
 33438 | Shoals:5 | Upgraded the game from 0.16-a0-2970-ge3807df to 0.16-a0-2984-g889390b
 33589 | Shoals:5 | Reached skill level 5 in Conjurations
 33692 | Shoals:5 | Noticed Ilsuiw
 33705 | Shoals:5 | Killed Ilsuiw
 33914 | Shoals:5 | Got a barnacled rune of Zot
 33952 | Shoals:5 | Noticed Rupert
 33961 | Shoals:5 | Killed Rupert
 33996 | Shoals:5 | Got a shimmering mace
 34065 | Shoals:5 | Your ally Rupert died
 34760 | Shoals:3 | Noticed Johnny's illusion
 35124 | Shoals:1 | Killed Nikola
 35194 | Shoals:1 | Killed Agnes
 35200 | Shoals:1 | Your ally Kirke died
 35217 | Shoals:1 | Identified the +7 mace "Ihumias" {crush, Str+3 Int-2} (You took it off a merfolk on level 5 of the Shoals)
 35638 | D:13     | Killed Nergalle
 36257 | D:14     | Found Scheit's Antique Armour Boutique.
 36264 | D:14     | Bought a shadowed robe for 182 gold pieces
 36275 | D:14     | Identified the cursed -2 robe "Pliohu" {rC+ Curse} (You bought it in a shop on level 14 of the Dungeon)
 36335 | D:14     | Reached XP level 16. HP: 122/136 MP: 31/36
 36434 | D:14     | Found a white marble altar of Elyvilon.
 36809 | D:14     | Noticed Harold
 36833 | D:14     | Killed Harold
 36990 | D:14     | Your ally Harold died
 37148 | D:14     | Found a gate to the Vaults.
 37181 | D:15     | Entered Level 15 of the Dungeon
 37659 | Vaults:1 | Entered Level 1 of the Vaults
 37836 | Vaults:1 | Reached skill level 1 in Staves
 38336 | Vaults:1 | Paralysed by a great orb of eyes for 5 turns
 38493 | Vaults:1 | Got a fine great sword
 38494 | Vaults:1 | Identified the +9 great sword of Revolt {freeze, MR+} (You found it on level 1 of the Vaults)
 39478 | Vaults:1 | Got a scorched rapier
 39525 | Vaults:1 | Identified the +2 rapier of Exchange {pierce, rElec MR++ SInv} (You found it on level 1 of the Vaults)
 40053 | Lair:1   | Learned a level 6 spell: Haste
 41450 | Vaults:2 | Reached skill level 1 in Short Blades
 41727 | Vaults:2 | Reached XP level 17. HP: 88/144 MP: 3/36
 42142 | Vaults:3 | Reached skill level 12 in Necromancy
 42362 | Vaults:3 | Noticed Aizul
 42577 | Vaults:3 | Reached skill level 10 in Evocations
 42668 | Vaults:3 | Killed Aizul
 42756 | Vaults:3 | Your ally Aizul died
 42779 | Vaults:3 | Your ally Aizul died
 43127 | Vaults:3 | Reached skill level 10 in Armour
 44420 | Vaults:3 | Found a staircase to the Crypt.
 45779 | Spider:1 | Entered Level 1 of the Spider Nest
 47946 | Spider:4 | Got an ichor-stained shield
 47947 | Spider:4 | Identified the cursed -2 shield of the Pleiades {Slay+4} (You found it on level 4 of the Spider Nest)
 48870 | Spider:5 | Entered Level 5 of the Spider Nest
 49712 | Spider:5 | Reached XP level 18. HP: 140/154 MP: 10/38
 49722 | Spider:5 | Got a gossamer rune of Zot
 51263 | Elf:1    | Entered Level 1 of the Elven Halls
 51268 | Elf:1    | Noticed Asterion
 52396 | Elf:1    | Killed Asterion
 52618 | Elf:1    | Noticed Sonja
 52638 | Elf:1    | Killed Sonja
 52673 | Elf:1    | Your ally Sonja died
 52941 | Elf:1    | Identified Lehudib's Compendium of Attacks
 53362 | Elf:2    | Found a runed gate.
 53364 | Elf:2    | Found a runed gate.
 53365 | Elf:2    | Found a runed gate.
 54280 | Lair:1   | Learned a level 6 spell: Iron Shot
 54938 | D:15     | Found a sacrificial altar of Ru.
 55280 | D:15     | Found a staircase to the Depths.
 55474 | D:15     | Reached skill level 1 in Earth Magic
 55721 | Depths:1 | Entered Level 1 of the Depths
 55830 | Depths:2 | Reached skill level 13 in Necromancy
 56022 | Depths:2 | Found a stormy altar of Qazlal.
 56417 | Depths:2 | Found a gateway to Hell.
 57205 | Depths:2 | Got a twitching granite ring
 57210 | Depths:2 | Identified the ring of Yttad {rC+ Str-4 Int+3} (You found it on level 2 of the Depths)
 57655 | Depths:3 | Reached skill level 14 in Necromancy
 58101 | Lair:1   | Learned a level 4 spell: Control Undead
 58536 | Depths:2 | Reached XP level 19. HP: 131/161 MP: 16/38
 59103 | Depths:1 | Paralysed by the power of Zot for 2 turns
 59442 | Depths:1 | Got a jewelled leather armour
 59446 | Depths:1 | Identified the +0 leather armour of Dyheuck {Dex+2 Slay-3 SInv Stlth++} (You found it on level 1 of the Depths)
 59710 | Depths:1 | Got a warped scale mail
 59713 | Depths:1 | Identified the +5 scale mail of the Farrier {Str+2 Dex+4} (You found it on level 1 of the Depths)
 60120 | Depths:2 | Reached skill level 10 in Charms
 60129 | Depths:2 | Reached skill level 15 in Necromancy
 60789 | Depths:3 | Found Skooril's Distillery.
 60807 | Depths:3 | Bought a potion of heal wounds for 55 gold pieces
 60807 | Depths:3 | Bought a potion of heal wounds for 55 gold pieces
 60844 | Depths:3 | Found a one-way gate leading to the halls of Pandemonium.
 61505 | Depths:3 | Paralysed by a vampire knight for 5 turns
 61516 | Depths:3 | Paralysed by a vampire knight for 7 turns
 61836 | Depths:4 | Noticed Pikaro's ghost (mighty DECj)
 61867 | Depths:4 | Killed Pikaro's ghost
 62071 | Depths:5 | Entered Level 5 of the Depths
 62356 | Depths:5 | Reached skill level 10 in Fire Magic
 62534 | Depths:5 | Paralysed by a sphinx for 6 turns
 63433 | Depths:5 | Got a smoking scimitar
 63602 | Depths:5 | Identified the +10 scimitar "Zuumunwo" {slice, Noisy +Rage} (You found it on level 5 of the Depths)
 64049 | Depths:4 | Found a gateway to a ziggurat.
 64049 | Depths:4 | Found a one-way gate to the infinite horrors of the Abyss.
 64721 | Orc:4    | Bought a potion of curing for 42 gold pieces
 65140 | Lair:1   | Learned a level 5 spell: Agony
 65147 | Lair:1   | Learned a level 5 spell: Bolt of Magma
 65430 | Elf:3    | Entered Level 3 of the Elven Halls
 65456 | Elf:3    | Found Kliese's General Store.
 65461 | Elf:3    | Bought a scroll of fog for 28 gold pieces
 65461 | Elf:3    | Bought 2 potions of curing for 84 gold pieces
 65461 | Elf:3    | Bought a potion of curing for 42 gold pieces
 65461 | Elf:3    | Bought a phial of floods for 560 gold pieces
 65461 | Elf:3    | Bought a potion of cancellation for 112 gold pieces
 65946 | Elf:3    | Noticed Norris
 65964 | Elf:3    | Killed Norris
 65964 | Elf:3    | Reached XP level 20. HP: 163/165 MP: 28/39
 66113 | Elf:3    | Your ally Norris died
 66294 | Elf:3    | Your ally Norris died
 70404 | Elf:3    | Got a fine long sword {drain}
 70433 | Elf:3    | Identified the +8 long sword of the Clouds {drain, rF+ rC+ MR++ Dex+2 SInv} (You took it off a deep elf sorcerer on level 3 of the Elven Halls)
 72220 | Elf:3    | Identified Lehudib's Compendium of Blows and Bruises
 74901 | D:6      | Bought a Necronomicon for 1214 gold pieces
 75337 | Shoals:1 | Noticed a kraken
 75359 | Shoals:1 | Killed a kraken
 75537 | Shoals:1 | Your ally Nikola died
 76266 | Shoals:2 | Noticed Polyphemus
 76271 | Shoals:2 | Killed Polyphemus
 76409 | Shoals:2 | Your ally Polyphemus died
 76551 | Shoals:3 | Bought a potion of curing for 45 gold pieces
 76551 | Shoals:3 | Bought a potion of magic for 120 gold pieces
 76551 | Shoals:3 | Bought a potion of agility for 60 gold pieces
 76551 | Shoals:3 | Bought a potion of might for 60 gold pieces
 76624 | Shoals:3 | Killed Mara
 76654 | Shoals:3 | Bought a royal jelly for 28 gold pieces
 76654 | Shoals:3 | Bought a meat ration for 70 gold pieces
 76654 | Shoals:3 | Bought a bread ration for 70 gold pieces
 76654 | Shoals:3 | Bought a bread ration for 70 gold pieces
 76654 | Shoals:3 | Bought 4 fruits for 84 gold pieces
 76654 | Shoals:3 | Bought a slice of pizza for 21 gold pieces
 76654 | Shoals:3 | Bought a meat ration for 70 gold pieces
 78902 | Vaults:4 | Noticed Mennas
 79192 | Vaults:5 | Entered Level 5 of the Vaults
 79237 | Vaults:4 | Reached XP level 21. HP: 162/172 MP: 19/40
 79290 | Vaults:4 | Reached skill level 16 in Necromancy
 79528 | Vaults:5 | Noticed Sojobo
 79843 | Vaults:5 | HP: 3/172 [titan/bolt of lightning (11)]
 79848 | Vaults:5 | HP: 5/172 [titan (11)]
 79993 | Vaults:5 | HP: 4/172 [storm dragon/bolt of lightning (19)]
 80009 | Vaults:5 | HP: 3/172 [tengu reaver/great sword of protection (13)]
 80012 | Vaults:5 | Killed from afar by a frost giant

Action                   |  1- 3 |  4- 6 |  7- 9 | 10-12 | 13-15 | 16-18 | 19-21 || total
-------------------------+-------+-------+-------+-------+-------+-------+-------++-------
Melee: Spear             |    47 |       |       |       |       |       |       ||    47
       Unarmed           |    10 |       |       |       |       |       |       ||    10
       Dagger            |    37 |    22 |       |       |       |       |       ||    59
       Falchion          |       |   123 |   447 |   791 |  2001 |  1185 |   213 ||  4760
       Scimitar          |       |       |       |    50 |       |       |       ||    50
       Rapier            |       |       |       |       |       |  1057 |   410 ||  1467
       Long sword        |       |       |       |       |       |       |   524 ||   524
 Cast: Pain              |    33 |    40 |    34 |    17 |    38 |     3 |       ||   165
       Vampiric Draining |       |     4 |    39 |   159 |   291 |   411 |   252 ||  1156
       Animate Dead      |       |       |    20 |    58 |   190 |   165 |    91 ||   524
       Regeneration      |       |       |     4 |     5 |    50 |    92 |    77 ||   228
       Death Channel     |       |       |       |       |    75 |   173 |    84 ||   332
       Fireball          |       |       |       |       |     1 |    39 |    20 ||    60
       Haste             |       |       |       |       |       |     6 |    17 ||    23
       Control Undead    |       |       |       |       |       |       |    19 ||    19
       Agony             |       |       |       |       |       |       |   138 ||   138
       Bolt of Magma     |       |       |       |       |       |       |   103 ||   103
 Abil: Evoke Invisibilit |       |       |       |       |     1 |       |       ||     1
Evoke: Wand              |       |       |     2 |    40 |    44 |    47 |    43 ||   176
       Fan of gales      |       |       |       |       |     6 |    10 |    13 ||    29
       Sack of spiders   |       |       |       |       |    15 |       |       ||    15
       Phantom mirror    |       |       |       |       |     1 |       |     1 ||     2
       Phial of floods   |       |       |       |       |       |     5 |    16 ||    21
  Use: Potion            |     1 |       |     1 |     4 |    14 |     5 |    44 ||    69
       Scroll            |       |     1 |    10 |    17 |    29 |    29 |    34 ||   120
 Stab: Sleeping          |     2 |     6 |     4 |     3 |     5 |     2 |       ||    22
       Distracted        |       |     1 |     4 |    11 |    35 |    56 |    35 ||   142
       Confused          |       |       |       |     6 |     3 |       |       ||     9
       Invisible         |       |       |       |       |     3 |       |       ||     3
       Paralysed         |       |       |       |       |       |     3 |       ||     3
  Eat: Chunk             |     2 |     8 |    14 |    16 |    79 |   126 |    70 ||   315
       Beef jerky        |       |       |     4 |     3 |     1 |     4 |     2 ||    14
       Fruit             |       |       |       |    12 |    11 |    10 |    11 ||    44
       Pizza             |       |       |       |     7 |     8 |     2 |     2 ||    19
       Royal jelly       |       |       |       |       |       |     2 |     2 ||     4
       Meat ration       |       |       |       |       |       |       |     6 ||     6
       Bread ration      |       |       |       |       |       |       |     8 ||     8
